 Dungeon Crawl Stone Soup version 0.19.0-18-g426998a (webtiles) character file.

339 HungrySpirit the Charlatan (level 6, 0/47 HPs)
             Began as a Mummy Artificer on Nov 11, 2016.
             Was an Initiate of Gozag.
             Slain by a ball python (2 damage)
             ... on level 5 of the Dungeon.
             The game lasted 00:12:01 (5579 turns).

HungrySpirit the Charlatan (Mummy Artificer)        Turns: 5579, Time: 00:12:02

Health: 0/47       AC:  4    Str: 18    XL:     6   Next: 29%
Magic:  8/8        EV:  8    Int: 10    God:    Gozag
Gold:   615        SH:  0    Dex: 12    Spells: 0 memorised, 5 levels left

rFire  x . .     SeeInvis .     q - +0 whip (elec)
rCold  + . .     Gourm    .     b - +0 leather armour
rNeg   + + +     Faith    .     (no shield)
rPois  ∞         Spirit   .     h - +0 helmet
rElec  .         Reflect  .     (no cloak)
rCorr  .         Harm     .     (no gloves)
MR     .....                    (no boots)
Stlth  +.........               (no amulet)
                                (no ring)
                                (no ring)

@: gold aura, constricted
A: no food or potions, fire vulnerability, cold resistance 1, negative energy
resistance 3, torment resistance, unbreathing
a: Potion Petition, Call Merchant, Bribe Branch, Renounce Religion


You were on level 5 of the Dungeon.
You worshipped Gozag.
Gozag was pleased with you.
You were not hungry.

You visited 1 branch of the dungeon, and saw 5 of its levels.

You collected 643 gold pieces.
You paid 28 gold pieces to Gozag.

Inventory:

Hand Weapons
 a - a +0 short sword
 i - a +0 hand axe
 q - a +0 whip of electrocution (weapon)
Missiles
 u - 2 throwing nets (quivered)
Armour
 b - a +0 leather armour (worn)
 h - a +0 helmet (worn)
 l - a +0 cloak
 r - a +0 scale mail
 s - a +0 pair of gloves
Jewellery
 f - an uncursed ring of stealth {unknown}
Wands
 c - a wand of flame (0/48)
 d - a wand of enslavement (0/24)
 e - a wand of random effects (0/48)
 w - a wand of disintegration (16/24)
Scrolls
 g - 3 scrolls of recharging {unknown}
 j - 9 scrolls of identify {unknown}
 k - 2 scrolls of remove curse {unknown}
 m - a scroll of enchant weapon {unknown}
 n - 2 scrolls of magic mapping {unknown}
 o - a scroll of teleportation {unknown}
 p - a scroll of immolation {unknown}
 t - a scroll of random uselessness {unknown}
 v - a scroll of fear {unknown}


   Skills:
 + Level 3.6 Fighting
 - Level 0.7 Short Blades
 - Level 2.6(2.8) Axes
 * Level 1.2(2.1) Maces & Flails
 - Level 1.5 Dodging
 - Level 0.7 Stealth
 + Level 3.7 Evocations


You had 5 spell levels left.
You didn't know any spells.

Dungeon Overview and Level Annotations

Branches:
Dungeon (5/15)             Temple (0/1) D:4

Altars:
Gozag
Makhleb

Shops:
D:4 %

Portals:
Sewer: D:5

Annotations:
D:4 Dowan, Duvessa


Innate Abilities, Weirdness & Mutations

You do not eat or drink.
Your flesh is vulnerable to fire.
You are immune to poison.
Your flesh is cold resistant. (rC+)
You are immune to negative energy. (rN+++)
You are immune to unholy pain and torment.
You can survive without breathing.


Message History

You closely miss the ogre.
The ogre is almost dead.
The ball python barely misses you. The ball python constricts you.
The ogre barely misses you.
You barely miss the ogre.
The ogre is almost dead.
The ball python bites you. The ball python constricts you.
The ball python bites you. The ball python constricts you.
The ogre hits you with a giant club!
* * * LOW HITPOINT WARNING * * *
You hit the ogre.
You kill the ogre!
Your base Maces & Flails skill increases to level 1!
You have reached level 6!
Your experience leads to an increase in your attributes!
Increase (S)trength, (I)ntelligence, or (D)exterity?
You feel stronger. The ball python bites you.
You die...
Your body crumbles into a pile of gold.

#. ... #####. ≈≈. #####
#..... ≈≈≈. #...###'####
∩≈≈.. ######...........
≈≈≈..###................
≈≈..rrr+................
....wr$#................
#S@............####
#...###############
.......# .........#
##.##..#.##########...
... #..#......#...#..#
... ..................
..# #%.......#.#.#<#...
#. ...#.........###...
..............


You could see a worm, 2 river rats, a ball python and 2 rats.

Vanquished Creatures
  An ogre (D:5)
  An iguana (D:4)
  A hound skeleton (D:5)
  5 gnolls
  An adder (D:2)
  An ooze (D:2)
  4 worms
  5 dart slugs
  4 orcs
  8 bats
  13 giant cockroaches
  9 goblins
  10 hobgoblins
  12 jackals
  9 kobolds
  A quokka (D:5)
  A ball python (D:3)
  4 frilled lizards
  6 rats
96 creatures vanquished.

Vanquished Creatures (collateral kills)
  An orc wizard (D:4)
  2 gnolls (D:4)
  An adder (D:4)
  3 orcs (D:4)
  A ball python (D:3)
  A jackal skeleton (D:4)
9 creatures vanquished.

Vanquished Creatures (others)
  An orc priest (D:4)
  A gnoll (D:4)
2 creatures vanquished.

Grand Total: 107 creatures vanquished

Notes
Turn   | Place    | Note
-------+----------+-------------------------------------------
     0 | D:1      | HungrySpirit the Mummy Artificer began the quest for the Orb.
     0 | D:1      | Reached XP level 1. HP: 15/15 MP: 2/2
   157 | D:1      | Reached XP level 2. HP: 16/21 MP: 4/4
   698 | D:1      | Reached XP level 3. HP: 25/27 MP: 5/5
   748 | D:1      | Reached skill level 1 in Axes
  1426 | D:2      | Found an opulent altar of Gozag.
  1431 | D:2      | Found a burning altar of Makhleb.
  1477 | D:2      | Reached XP level 4. HP: 11/34 MP: 6/6
  1696 | D:2      | Became a worshipper of Gozag Ym Sagoz the Greedy
  2261 | D:2      | Found a faded altar of an unknown god.
  2749 | D:3      | Reached XP level 5. HP: 23/40 MP: 7/7
  3262 | D:3      | Noticed an ogre
  4052 | D:4      | Noticed Dowan
  4058 | D:4      | Noticed Duvessa
  4346 | D:4      | Found Gyxuwets's Food Boutique.
  4349 | D:4      | Noticed a phantom
  4359 | D:4      | HP: 2/41 [phantom (5)]
  5095 | D:4      | Found a staircase to the Ecumenical Temple.
  5388 | D:5      | Entered Level 5 of the Dungeon
  5568 | D:5      | Found a glowing drain.
  5568 | D:5      | Noticed an ogre
  5578 | D:5      | HP: 2/41 [ogre/giant club (11)]
  5579 | D:5      | Killed an ogre
  5579 | D:5      | Reached skill level 1 in Maces & Flails
  5579 | D:5      | Reached XP level 6. HP: 2/47 MP: 8/8
  5579 | D:5      | Slain by a ball python

Skill      XL: |  1  2  3  4  5 |
---------------+----------------+-----
Axes           | 1 2 |  2.6
Evocations     | 3 |  3.7
Fighting       | 2 3 |  3.6
Maces & Flails | 1 |  1.2
Short Blades   | |  0.7
Dodging        | |  1.5
Stealth        | |  0.7

Action                   |  1- 3 |  4- 6 || total
-------------------------+-------+-------++-------
Melee: Short sword       |   190 |   201 ||   391
       Whip              |       |    44 ||    44
Evoke: Wand              |     9 |    36 ||    45
 Stab: Sleeping          |       |     3 ||     3
Armor: Leather armour    |    68 |    64 ||   132
Dodge: Dodged            |   114 |   157 ||   271
